 Dungeon Crawl Stone Soup version 0.17.0-28-g6e173f8 (webtiles) character file.

503 GeneralIdiocy the Reanimator (level 6, -2/41 HPs)
             Began as a Demonspawn Necromancer on Dec 3, 2015.
             Slain by a worker ant (7 damage)
             ... on level 5 of the Dungeon.
             The game lasted 00:09:39 (5273 turns).

GeneralIdiocy the Reanimator (DsNe)                 Turns: 5273, Time: 00:09:39

Health: -2/41      AC:  6    Str:  9    XL:     6   Next: 96%
Magic:  21/27      EV: 11    Int: 16    God:
Gold:   171        SH:  0    Dex: 15    Spells: 1 memorised, 8 levels left

rFire  . . .     SeeInvis .     v - +0 long sword
rCold  + . .     Clarity  .     g - +0 leather armour
rNeg   . . .     SustAt   .     (no shield)
rPois  .         Gourm    .     (helmet restricted)
rElec  .         Spirit   .     m - +0 cloak
rCorr  .         Warding  .     k - +0 pair of gloves
rMut   .         Stasis   .     (no boots)
MR     .....                    (no amulet)
Stlth  ++........               u - ring of magical power
                                a - ring of magical power

@: not resistant to hostile enchantments, unstealthy
A: horns 1, molten scales 1, cold resistance 1, powered by death 1
a: no special abilities


You were on level 5 of the Dungeon.
You were not hungry.

You visited 1 branch of the dungeon, and saw 5 of its levels.

You collected 171 gold pieces.

Inventory:

Hand Weapons
 v - a +0 long sword (weapon)
Missiles
 y - 4 tomahawks (quivered)
Armour
 g - a +0 leather armour (worn)
 k - a +0 pair of gloves (worn)
 m - a +0 cloak (worn)
Jewellery
 a - a ring of magical power (left hand)
 u - a ring of magical power (right hand)
Wands
 w - a wand of lightning (0)
Scrolls
 e - a scroll of identify
 h - a scroll of magic mapping {unknown}
 s - 3 scrolls of enchant armour {unknown}
 t - 2 scrolls of remove curse {unknown}
Potions
 i - a potion of magic
 j - a potion of brilliance
 n - 2 potions of haste
 o - a potion of lignification
 p - a potion of might
Books
 b - a book of Necromancy

   Spells                             Type                      Level
   a - Pain                           Necromancy                   1
   b - Animate Skeleton               Necromancy                   1
   c - Vampiric Draining              Necromancy                   3
   d - Regeneration                   Charms/Necromancy            3
   e - Animate Dead                   Necromancy                   4
   f - Control Undead                 Necromancy                   4
Comestibles
 c - 4 bread rations
 d - a meat ration
 f - a beef jerky
 l - a chunk of flesh
 q - a slice of pizza
 r - 5 fruits


   Skills:
 - Level 1.7 Dodging
 - Level 1.7 Stealth
 - Level 2.0 Spellcasting
 + Level 9.2 Necromancy


You had 8 spell levels left.
You knew the following spells:

 Your Spells              Type           Power        Failure   Level  Hunger
a - Pain                  Necr           ####         1%          1    #......


Dungeon Overview and Level Annotations

Branches:
Dungeon (5/15)
 Temple: D:4-7

Altars:
The Shining One

Shops:
D:5 *


Innate Abilities, Weirdness & Mutations

You have a pair of small horns on your head.
You are partially covered in molten scales (AC +1).
Your flesh is cold resistant.
You regenerate a little health from kills.


Message History

Casting: Pain
Confirm with . or Enter, or press ? or * to list all spells.
Aiming: Pain
Press: ? - help, Shift-Dir - straight line, f/p - worker ant
Aim: a worker ant (lightly wounded, chance to defeat MR: 89%)
The worker ant convulses in agony!
The worker ant barely misses you.
Casting: Pain
Confirm with . or Enter, or press ? or * to list all spells.
Aiming: Pain
Press: ? - help, Shift-Dir - straight line, f/p - worker ant
Aim: a worker ant (moderately wounded, chance to defeat MR: 89%)
The worker ant convulses in agony!
The worker ant bites you.
* * * LOW HITPOINT WARNING * * *
Casting: Pain
Confirm with . or Enter, or press ? or * to list all spells.
Aiming: Pain
Press: ? - help, Shift-Dir - straight line, f/p - worker ant
Aim: a worker ant (moderately wounded, chance to defeat MR: 89%)
The worker ant convulses in agony!
The worker ant bites you!
You die...

# ... #.###.....#
.... #.#.......#
# .....
#.#.#.....# ####
......#..∩......#
...+
......'.......###
####
......###....## #
..... #J#.## ....
#a### ... #@# #+
#.# #.# #.# #..
###


You could see a worker ant and an ooze.

Vanquished Creatures
  An ice beast (D:5)
  A giant frog zombie (D:5)
  A hound (D:5)
  An orc priest (D:3)
  3 orc wizards (D:3)
  An iguana (D:5)
  A centaur skeleton (D:4)
  A worker ant (D:5)
  5 adders
  An adder zombie (D:5)
  2 oozes (D:2)
  6 worms
  6 giant geckos
  6 orcs (D:3)
  A ball python (D:1)
  5 giant cockroaches
  10 hobgoblins
  3 kobolds
  17 bats
  2 giant newts
  6 goblins
  5 rats
85 creatures vanquished.

Notes
Turn   | Place    | Note
--------------------------------------------------------------
     0 | D:1      | GeneralIdiocy the Demonspawn Necromancer began the quest for the Orb.
     0 | D:1      | Reached XP level 1. HP: 13/13 MP: 3/3
   545 | D:1      | Gained mutation: Your flesh is cold resistant. [demonic ancestry]
   545 | D:1      | Reached XP level 2. HP: 14/19 MP: 1/5
   668 | D:1      | Reached skill level 5 in Necromancy
  1275 | D:2      | Gained mutation: You are partially covered in molten scales (AC +1). [demonic ancestry]
  1275 | D:2      | Reached XP level 3. HP: 7/24 MP: 3/6
  2040 | D:2      | Reached skill level 6 in Necromancy
  2258 | D:2      | Found a glowing golden altar of the Shining One.
  2261 | D:2      | Gained mutation: You have a pair of small horns on your head. [demonic ancestry]
  2261 | D:2      | Reached XP level 4. HP: 28/30 MP: 7/7
  3669 | D:3      | Reached skill level 7 in Necromancy
  3669 | D:3      | Reached XP level 5. HP: 29/35 MP: 8/8
  4780 | D:4      | Noticed a phantom
  4788 | D:4      | Reached skill level 8 in Necromancy
  4844 | D:4      | Gained mutation: You regenerate a little health from kills. [demonic ancestry]
  4844 | D:4      | Reached XP level 6. HP: 19/41 MP: 9/9
  4862 | D:5      | Entered Level 5 of the Dungeon
  5186 | D:5      | Reached skill level 9 in Necromancy
  5246 | D:5      | Found Toidan's Assorted Antiques.
  5273 | D:5      | Slain by a worker ant

Action                   |  1- 3 |  4- 6 || total
-------------------------+-------+-------++-------
Melee: Unarmed           |     3 |       ||     3
       Whip              |     2 |     6 ||     8
       Long sword        |       |   140 ||   140
 Cast: Pain              |    87 |    66 ||   153
Evoke: Wand              |       |     2 ||     2
  Use: Potion            |       |     5 ||     5
       Scroll            |       |     5 ||     5
 Stab: Distracted        |       |     1 ||     1
       Sleeping          |       |     1 ||     1
  Eat: Chunk             |     5 |    11 ||    16
